 Dungeon Crawl Stone Soup version 0.19.5 (webtiles) character file.

2128 Dadi the Thaumaturge (level 9, -11/49 HPs)
             Began as a Deep Elf Conjurer on Apr 16, 2017.
             Mangled by a hornet (18 damage)
             ... on level 6 of the Dungeon.
             The game lasted 00:12:55 (6301 turns).

Dadi the Thaumaturge (Deep Elf Conjurer)            Turns: 6301, Time: 00:12:56

Health: -11/49     AC:  4    Str:  5    XL:     9   Next: 8%
Magic:  14/25      EV: 15    Int: 24    God:
Gold:   122        SH:  0    Dex: 15    Spells: 3 memorised, 20 levels left

rFire  . . .     SeeInvis .     B - +1 whip (freeze)
rCold  . . .     Gourm    .     C - +2 robe {Archmagi}
rNeg   . . .     Faith    .     (no shield)
rPois  .         Spirit   .     (no helmet)
rElec  .         Reflect  .     (no cloak)
rCorr  .         Harm     .     (no gloves)
MR     .....                    (no boots)
Stlth  ++........               (no amulet)
                                (no ring)
                                (no ring)

@: lethally poisoned (-11 -> -25), slowed, very slow
A: no striking features
a: no special abilities


You were on level 6 of the Dungeon.
You were hungry.

You visited 1 branch of the dungeon, and saw 6 of its levels.
You also visited: Sewer.

You collected 235 gold pieces.
You spent 113 gold pieces at shops.

Inventory:

Hand Weapons
 k - a +2 dagger of speed
 u - a +1 dagger of venom
 B - a +1 whip of freezing (weapon)
Armour
 a - a +0 robe
 q - a +0 helmet
 C - a +2 robe of the Archmagi (worn)
Jewellery
 y - an uncursed ring of loudness
 E - an uncursed ring of fire
Wands
 o - a wand of lightning (15/15)
Scrolls
 d - a scroll of amnesia
 e - 4 scrolls of remove curse
 j - 4 scrolls of identify
 l - 2 scrolls of immolation {unknown}
 w - a scroll of fear
Potions
 f - 4 potions of agility
 g - 3 potions of curing {unknown}
 h - a potion of cure mutation {unknown}
 i - a potion of magic {unknown}
 p - a potion of cancellation {unknown}
 t - 3 potions of haste {unknown}
 x - a potion of berserk rage {unknown}
 z - 2 potions of heal wounds {unknown}
 A - 2 potions of degeneration {unknown}
 D - a potion of might {unknown}
 F - a potion of beneficial mutation {unknown}
 G - 3 potions of flight {unknown}
Books
 b - a book of Conjurations

   Spells                             Type                      Level
   a - Magic Dart                     Conjuration                  1
   b - Searing Ray                    Conjuration                  2
   c - Dazzling Spray                 Conjuration/Hexes            3
   d - Fulminant Prism                Conjuration/Hexes            4
   e - Iskenderun's Mystic Blast      Conjuration                  4
   f - Iskenderun's Battlesphere      Conjuration/Charms           5
 s - a book of Misfortune

   Spells                             Type                      Level
   a - Confusing Touch                Hexes                        1
   b - Confuse                        Hexes                        3
   c - Gell's Gravitas                Hexes/Translocation          3
   d - Petrify                        Transmutation/Earth          4
   e - Metabolic Englaciation         Hexes/Ice                    5
   f - Yara's Violent Unravelling     Hexes/Transmutation          5
Comestibles
 c - 3 bread rations
 m - 6 fruits
 n - a beef jerky
 r - 2 meat rations
 v - 2 slices of pizza


   Skills:
 + Level 2.6 Fighting
 + Level 4.7 Dodging
 - Level 2.4 Stealth
 * Level 10.3 Spellcasting
 + Level 7.2 Conjurations
 + Level 8.0 Charms


You had 20 spell levels left.
You knew the following spells:

 Your Spells              Type           Power        Failure   Level  Hunger
a - Magic Dart            Conj           ####         1%          1    None
s - Searing Ray           Conj           ######       1%          2    None
t - Iskenderun's Battles  Conj/Chrm      ######..     8%          5    ####...


Dungeon Overview and Level Annotations

Branches:
Dungeon (6/15)             Temple (0/1) D:6

Altars:
Ashenzari
Dithmenos
Elyvilon
Fedhas
Okawaru
Sif Muna
The Shining One

Shops:
D:5 [


Message History

You are more poisoned.
You feel yourself slow down. The hornet stings you!
You feel as though you will be slow longer.
The hornet barely misses you.
Casting: Magic Dart
Confirm with . or Enter, or press ? or * to list all spells.
Aiming: Magic Dart
Press: ? - help, Shift-Dir - straight line, f/p - hornet
Aim: a hornet (moderately wounded)
You feel a surge of power!
The magic dart hits the hornet.
The hornet is heavily wounded.
You feel very sick.
Your battlesphere fires!
The barrage of energy hits the hornet.
The hornet is heavily wounded.
The hornet stings you!
* * * LOW HITPOINT WARNING * * *
You feel as though you will be slow longer.
The hornet stings you!!
You die...

#.#.....# #.#.....#
#..# #.......# #..#
##.#.....# #..#
.........# #..##
...#.#.#.#######...
##.#(#.......*....#
#.#............y.#
#.#####.#### #@#
#.# .# #[# #.# #
#.# #.# #.# #.. #.#
################.#
.................#
##################
#


You could see a hornet and a friendly battlesphere.

Vanquished Creatures
  Pikel (D:5)
  The ghost of Sanvar the Zephyrmancer, a novice TeAE (D:6)
  The ghost of GLDimion the Firebug, an amateur DEFE (D:3)
  An orc warrior (D:6)
  A phantom (D:4)
  A slave (D:5)
  An ogre (D:4)
  4 big kobolds
  A bullfrog (D:5)
  A scorpion (D:5)
  The ghost of letownia the Skirmisher, a weakling MiHu (D:4)
  A howler monkey (D:4)
  A crimson imp (D:6)
  3 hounds
  2 orc priests (D:4)
  A bullfrog skeleton (D:5)
  4 orc wizards
  A worker ant (D:5)
  11 adders
  A howler monkey skeleton (D:4)
  A shadow imp (D:5)
  3 oozes (Sewer)
  3 worms
  2 dart slugs
  4 leopard geckos
  15 orcs
  8 bats
  6 giant cockroaches
  3 goblins (D:1)
  12 hobgoblins
  5 jackals
  19 kobolds
  3 quokkas
  6 ball pythons
  3 frilled lizards
  A jackal skeleton (D:4)
  A leopard gecko skeleton (D:6)
  8 rats
142 creatures vanquished.

Vanquished Creatures (others)
  A shadow imp (D:5)
1 creature vanquished.

Grand Total: 143 creatures vanquished

Notes
Turn   | Place    | Note
-------+----------+-------------------------------------------
     0 | D:1      | Dadi the Deep Elf Conjurer began the quest for the Orb.
     0 | D:1      | Reached XP level 1. HP: 10/10 MP: 6/6
   345 | D:1      | Reached XP level 2. HP: 15/15 MP: 3/8
   591 | D:1      | Reached skill level 4 in Spellcasting
   994 | D:2      | Reached XP level 3. HP: 19/19 MP: 1/10
  1379 | D:2      | Reached skill level 5 in Spellcasting
  1429 | D:2      | Reached skill level 5 in Conjurations
  1707 | D:3      | Noticed GLDimion's ghost (amateur DEFE)
  1720 | D:3      | Killed GLDimion's ghost
  1720 | D:3      | Reached skill level 6 in Spellcasting
  1720 | D:3      | Reached XP level 4. HP: 9/24 MP: 1/14
  1720 | D:3      | Reached XP level 5. HP: 11/28 MP: 1/15
  2298 | D:3      | Found a shattered altar of Ashenzari.
  2610 | D:3      | Reached skill level 7 in Spellcasting
  2651 | D:3      | Found a deep blue altar of Sif Muna.
  2752 | D:3      | Reached XP level 6. HP: 32/32 MP: 4/18
  3109 | D:4      | Reached skill level 8 in Spellcasting
  3144 | D:4      | Learned a level 2 spell: Searing Ray
  3150 | D:4      | Learned a level 5 spell: Iskenderun's Battlesphere
  3232 | D:4      | Found an iron altar of Okawaru.
  3257 | D:4      | Reached XP level 7. HP: 36/36 MP: 12/20
  3334 | D:4      | Noticed letownia's ghost (weakling MiHu)
  3353 | D:4      | Killed letownia's ghost
  3539 | D:5      | Entered Level 5 of the Dungeon
  3850 | D:4      | Reached skill level 5 in Charms
  4291 | D:4      | Found a shadowy altar of Dithmenos.
  4531 | D:5      | Found a white marble altar of Elyvilon.
  4539 | D:5      | Noticed Pikel
  4544 | D:5      | Killed Pikel
  4544 | D:5      | Reached skill level 1 in Fighting
  4544 | D:5      | Reached skill level 9 in Spellcasting
  4544 | D:5      | Reached XP level 8. HP: 43/43 MP: 10/23
  4552 | D:5      | Found Arol's Antique Armour Shop.
  4560 | D:5      | Bought an embroidered robe for 113 gold pieces
  4847 | D:5      | Found a glowing golden altar of the Shining One.
  5472 | D:6      | Found a staircase to the Ecumenical Temple.
  5520 | D:6      | Found a glowing drain.
  5555 | D:6      | Noticed Sanvar's ghost (novice TeAE)
  5566 | Sewer    | Entered a sewer
  5821 | Sewer    | Reached skill level 10 in Spellcasting
  6119 | D:6      | Killed Sanvar's ghost
  6119 | D:6      | Reached XP level 9. HP: 42/49 MP: 16/25
  6253 | D:6      | Found a blossoming altar of Fedhas.
  6301 | D:6      | Mangled by a hornet

Skill      XL: |  1  2  3  4  5  6  7  8 |
---------------+-------------------------+-----
Spellcasting   | 4 6 7 8 9 10 | 10.3
Conjurations   | 5 6 7 |  7.2
Charms         | 3 6 8 |  8.0
Fighting       | 1 2 |  2.6
Dodging        | 3 4 |  4.7
Stealth        | |  2.4

Action                   |  1- 3 |  4- 6 |  7- 9 || total
-------------------------+-------+-------+-------++-------
Melee: Dagger            |     7 |     2 |       ||     9
 Cast: Magic Dart        |   103 |    99 |   209 ||   411
       Iskenderun's Batt |       |       |     8 ||     8
  Use: Scroll            |       |       |    10 ||    10
  Eat: Chunk             |     2 |     5 |     9 ||    16
       Fruit             |       |       |     2 ||     2
Armor: Robe              |     5 |     1 |    12 ||    18
Dodge: Dodged            |    11 |    10 |    55 ||    76
